 Dungeon Crawl Stone Soup version 0.27.1 (webtiles) character file.

Game seed: 5834668094550290754

25 acemry the Sneak (level 2, -4/9 (13) HPs)
             Began as a Spriggan Enchanter on Sept 3, 2021.
             Slain by a necrophage (5 damage)
             ... on level 2 of the Dungeon.
             The game lasted 00:04:34 (1584 turns).

acemry the Sneak (Spriggan Enchanter)               Turns: 1584, Time: 00:04:35

HP:   -4/9 (13)     AC:  2    Str:  4    XL:     2   Next: 86%
MP:   6/6           EV: 17    Int: 16    God:
Gold: 45            SH:  0    Dex: 15    Spells: 3/6 levels left

rFire    . . .     SeeInvis +   a - +1 dagger
rCold    . . .     Faith    .   (shield restricted)
rNeg     . . .     Spirit   .   b - +0 robe
rPois    .         Reflect  .   (helmet restricted)
rElec    .         Harm     .   (no cloak)
rCorr    .         Rampage  .   (gloves unavailable)
Will     .....                  (boots unavailable)
Stlth    +++.......             (no amulet)
HPRegen  0.03/turn              (no ring)
MPRegen  0.10/turn              (no ring)

@: very heavily drained, very quick
A: very small, no large weapons, unfitting armour, see invisible, speed 3
a: no special abilities


You were on level 2 of the Dungeon.
You visited 1 branch of the dungeon, and saw 2 of its levels.

You collected 45 gold pieces.

Inventory:

Hand Weapons
 a - a +1 dagger (weapon)
Armour
 b - a +0 robe (worn)
Scrolls
 c - a scroll of blinking {unknown}
 d - 2 scrolls of fog {unknown}
 e - 2 scrolls of identify {unknown}
 g - a scroll of immolation {unknown}
 h - a scroll of acquirement {unknown}
Potions
 f - a potion of heal wounds {unknown}


   Skills:
 + Level 1.5 Short Blades
 + Level 3.2 Dodging
 + Level 5.0 Stealth
 - Level 2.6 Spellcasting
 + Level 4.1 Hexes


You had 3 spell levels left.
You knew the following spells:

 Your Spells              Type           Power      Damage    Failure   Level
a - Corona                Hex            16%        N/A       3%          1
b - Ensorcelled Hibernat  Hex/Ice        16%        N/A       12%         2

Your spell library contained the following spells:

 Spells                   Type           Power      Damage    Failure   Level
 Confusing Touch          Hex            15%        N/A       11%         3
 Tukima's Dance           Hex            15%        N/A       11%         3
 Dazzling Flash           Conj/Hex       16%        N/A       26%         3


Dungeon Overview and Level Annotations

Branches:
Dungeon (2/15)

Altars:


Innate Abilities, Weirdness & Mutations

You are very small and have problems with some larger weapons.
You are too small for most types of armour.
You have supernaturally acute eyesight. (SInv)
You cover ground extremely quickly. (Speed+++)


Message History

You hit the necrophage.
The necrophage is lightly damaged.
The necrophage hits you.
You feel drained.
You closely miss the necrophage.
The necrophage is lightly damaged.
The necrophage hits you but does no damage.
You hit the necrophage.
The necrophage is moderately damaged.
The necrophage misses you.
You hit the necrophage.
The necrophage is moderately damaged.
The necrophage completely misses you.
You hit the necrophage.
The necrophage is moderately damaged.
The necrophage hits you.
You feel drained.
You barely miss the necrophage.
The necrophage is moderately damaged.
The necrophage misses you.
You barely miss the necrophage.
The necrophage is moderately damaged.
The necrophage closely misses you.
You barely miss the necrophage.
The necrophage is moderately damaged.
The necrophage barely misses you.
You hit the necrophage but do no damage.
The necrophage is moderately damaged.
The necrophage hits you.
* * * LOW HITPOINT WARNING * * *
You feel drained.
You hit the necrophage but do no damage.
The necrophage is moderately damaged.
The necrophage misses you.
You hit the necrophage but do no damage.
The necrophage is moderately damaged.
The necrophage completely misses you.
You barely miss the necrophage.
The necrophage is moderately damaged.
The necrophage hits you.
Ouch! That really hurt!
You die...

#......... . #.........
..## #......... .....
#.........
.....#########.........
.......................
......n@......(†....#
#................#
.>#.............)..#
..#........#.......###.####
#.#........#######.#.......
#.#........# #.#.......
#.#........#######.#.......
#.#................#.......
#.#........#########.......


You could see a necrophage.

Vanquished Creatures
  An adder (D:2)
  A dart slug (D:2)
  A ball python (D:2)
  A bat (D:2)
  An endoplasm (D:2)
  3 jackals (D:1)
  2 quokkas
  2 frilled lizards (D:1)
  2 rats
14 creatures vanquished.

Notes
Turn   | Place    | Note
-------+----------+-------------------------------------------
     0 | D:1      | acemry the Spriggan Enchanter began the quest for the Orb.
     0 | D:1      | Reached XP level 1. HP: 9/9 MP: 5/5
     8 | D:1      | Found a faded altar of an unknown god.
   974 | D:2      | Reached XP level 2. HP: 11/13 MP: 6/6
   977 | D:2      | Learned a level 2 spell: Ensorcelled Hibernation
  1265 | D:2      | Reached skill level 5 in Stealth
  1480 | D:2      | Noticed a necrophage
  1584 | D:2      | Slain by a necrophage

Illustrated notes

Levels and vault maps discovered:
D:1:      minmay_arrival_three_doors, layout_loops_ring,
          ebering_ecumenical_altar_petrified
D:2:      layout_basic, minmay_misc_feat_rugged

Skill      XL: |  1  2 |
---------------+-------+-----
Hexes          | 4 |  4.1
Dodging        | 3 |  3.2
Stealth        | 5 |  5.0
Short Blades   | |  1.5
Spellcasting   | |  2.6

Action                   || total
-------------------------++-------
Melee: Dagger            ||    92
 Cast: Corona            ||     3
       Ensorcelled Hiber ||     7
  Use: Scroll            ||     1
 Stab: Sleeping          ||     4
Armor: Robe              ||    12
Dodge: Dodged            ||    87
